Cogmind - Beta 16.1 @@@ ROGUE MODE // 2026.02.16 @ 21:45:01 Player: UniqueName Result: Destroyed by G-47 Trooper with Particle Gun Performance ------------- Evolutions (0) 0 Regions Visited (2) 400 Robots Destroyed (11) 55 Value Destroyed (369) 369 Prototype IDs (0) 0 Alien Tech Used (0) 0 Bonus (0) 0 TOTAL SCORE: 824 Bonus ------- None Cogmind --------- Core Integrity 0/250 Matter 274/300 Energy 125/125 System Corruption 0% Temperature Cool (72) Movement Walking (120) Location -10/Mines Parts ------- > --- POWER (1) -------- Light Ion Engine > --- PROPULSION (2) --- Aluminum Leg Aluminum Leg > --- UTILITY (2) ------ Small Storage Unit Transport Network Coupler > --- WEAPON (2) ------- Medium Laser Light Cannon > --- INVENTORY (8) ---- Ion Engine Light Nuclear Core Aluminum Leg Aluminum Leg Aluminum Leg Peak State ------------ > --- POWER ------------ Light Ion Engine > --- PROPULSION ------- Aluminum Leg Aluminum Leg > --- UTILITY ---------- Small Storage Unit Transport Network Coupler > --- WEAPON ----------- Medium Laser Light Cannon > --- INVENTORY -------- Ion Engine Light Nuclear Core Aluminum Leg Aluminum Leg Aluminum Leg [Rating: 7] Favorites ----------- Power Light Ion Engine Engine Light Ion Engine Propulsion Light Treads Treads Light Treads Leg Aluminum Leg Utility Small Storage Unit Storage Small Storage Unit Processor Transport Network Coupler Weapon Assault Rifle Energy Gun Medium Laser Ballistic Gun Assault Rifle Ballistic Cannon Light Cannon Build | -11 -10 -10 ------- Run | Yrd Mat Min Slots Evolved . | . . . Power . | . . . Propulsion . | . . . Utility . | . . . Weapon . | . . . Parts Attached 12 | 6 5 1 Power 2 | 1 1 . Engine 2 | 1 1 . Core . | . . . Reactor . | . . . Propulsion 4 | 2 2 . Treads 2 | 2 . . Leg 2 | . 2 . Wheel . | . . . Hover . | . . . Flight . | . . . Utility 2 | 1 1 . Device . | . . . Storage 1 | 1 . . Processor 1 | . 1 . Hackware . | . . . Protection . | . . . Artifact . | . . . Weapon 4 | 2 1 1 Energy Gun 1 | . . 1 Energy Cannon . | . . . Ballistic Gun 2 | 2 . . Ballistic Cannon 1 | . 1 . Launcher . | . . . Special Weapon . | . . . Impact Weapon . | . . . Slashing Weapon . | . . . Piercing Weapon . | . . . Special Melee Weapon . | . . . Unidentified Prototypes . | . . . Parts Lost 5 | . 5 . Power 1 | . 1 . Propulsion 2 | . 2 . Utility . | . . . Weapon 2 | . 2 . Highest Loss Streak 5 | . 5 . To Critical Strikes . | . . . Average Backups 4 | 2 4 5 Power 1 | . 2 2 Propulsion 2 | 1 2 3 Utility . | . . . Weapon . | . . . Tool/Special . | . . . Unused Backups 6 | 1 . 5 Power 2 | . . 2 Propulsion 3 | . . 3 Utility . | . . . Weapon 1 | 1 . . Tool/Special . | . . . Average Slot Usage (%) 74 | . 73 85 Engine 10 | . 10 14 Treads 14 | . 15 . Leg 11 | . 9 28 Storage 14 | . 14 14 Processor 2 | . 1 14 Ballistic Gun 14 | . 15 . Ballistic Cannon 6 | . 5 14 Peak Build Rating 7 | 6 6 7 Average Rating 4 | 4 5 6 On Entrance 4 | . 6 6 Avg Prop Armor Cover (%) . | . . . Naked Turns . | . . . Heaviest Build 11 | 11 11 11 Greatest Support 40 | 40 40 20 Greatest Overweight (x) 3 | . 3 . Average Overweight (x) . | . . . Largest Inventory Capacity 8 | 8 8 8 Average Capacity 7 | 6 8 8 Most Carried 7 | 4 7 6 Average Carried 4 | 2 4 5 Final Capacity 8 | 8 8 8 Final Carried 6 | 3 6 5 Class Distribution -------------------- 100% | Mutant Dominant Class ---------------- Mutant | -10/Materials Mutant | -10/Mines Resources | -11 -10 -10 ----------- Run | Yrd Mat Min Matter Collected 429 | 203 226 . Remotely . | . . . Salvage Created 372 | . 372 . Parts 20 | . 20 . Haulers Intercepted 1 | . 1 . Recyclers Shooed 1 | . 1 . Parts Field Recycled . | . . . Retrieved Matter . | . . . Parts Self-Destructed . | . . . Prevented . | . . . Parts Restored . | . . . Kills | -11 -10 -10 ------- Run | Yrd Mat Min Combat Hostiles Destroyed 9 | . 9 . Guns 3 | . 3 . Cannons 3 | . 3 . AOE 3 | . 3 . Classes Destroyed 3 | . 3 . Builder 1 | . 1 . Hauler 1 | . 1 . Grunt 9 | . 9 . Best Kill Streak 4 | . 4 . Combat Bots Only 4 | . 4 . Max Kills in Single Turn 2 | . 2 . Gunslinging . | . . . Exploded 2 | . 2 . Melee . | . . . Uniques/NPCs Destroyed . | . . . Combat | -11 -10 -10 -------- Run | Yrd Mat Min Hostile Shots Fired 77 | . 67 10 Missed 20 | . 17 3 Hits 57 | . 50 7 Projectile 57 | . 50 7 Critical Strikes 1 | . 1 . Damage Taken 1030 | . 930 100 Core 259 | . 223 36 Absorbed by Shields . | . . . Core Remaining (%) 100 | 100 . . Volleys Fired 40 | . 36 4 Largest 2 | . 2 2 Hottest 80 | . 40 80 Shots Fired 58 | . 52 6 Gun 34 | . 32 2 Cannon 24 | . 20 4 Launcher . | . . . Special . | . . . Kinetic 56 | . 52 4 Thermal 2 | . . 2 Explosive . | . . . Electromagnetic . | . . . Robot Hit Streak 6 | . 6 3 Robot Miss Streak 4 | . 4 1 Penetration Max . | . . . Secondary Targets 1 | . 1 . Max Gunslinging Chain 1 | . 1 . Shots Hit Robots 37 | . 32 5 Core Hits 17 | . 16 1 Critical Kills . | . . . Critical Parts Destroyed 1 | . 1 . Critical Strikes 1 | . 1 . Destroy 1 | . 1 . Melee Attacks . | . . . Impact . | . . . Slashing . | . . . Piercing . | . . . Sneak Attacks . | . . . Combat Hostiles . | . . . Follow-up Attacks . | . . . Damage Inflicted 811 | . 738 73 Guns 235 | . 211 24 Cannons 334 | . 285 49 Explosions 242 | . 242 . Melee . | . . . Ramming . | . . . Kinetic 545 | . 496 49 Thermal 24 | . . 24 Explosive 242 | . 242 . Electromagnetic . | . . . Impact . | . . . Slashing . | . . . Piercing . | . . . Highest Corruption . | . . . Average Corruption . | . . . Corruption Purged . | . . . Corruption Blocked . | . . . Overload Shots . | . . . Overflow Damage 54 | . 54 . Projectiles . | . . . Explosions 54 | . 54 . Melee . | . . . Knockbacks 4 | . 4 . Impact . | . . . Kinetic 4 | . 4 . Secondary . | . . . Self-Inflicted Damage 296 | . 296 . Shots 3 | . 3 . Rammed . | . . . Targets Rammed . | . . . Kicked . | . . . Crushed . | . . . Highest Temperature 63 | . 27 63 Average Temperature 15 | . 12 30 Received Heat Transfer 432 | . 372 60 Siege Activations . | . . . Martial Activations . | . . . Shielding Activations . | . . . Robots Disrupted . | . . . Combat Hostiles . | . . . Robots Corrupted . | . . . Combat Hostiles . | . . . Parts Fried . | . . . Impact Corruptions . | . . . Robots Melted . | . . . Combat Hostiles . | . . . Parts Melted . | . . . Heat Transferred 74 | . . 74 Parts Sabotaged . | . . . Parts Stolen . | . . . Parts Stripped . | . . . Power Chain Reactions . | . . . Alert | -11 -10 -10 ------- Run | Yrd Mat Min Maximum Alert Level . | . . . Low Security (%) 100 | 100 100 100 Level 1 . | . . . Level 2 . | . . . Level 3 . | . . . Level 4 . | . . . Level 5 . | . . . High Security . | . . . Max Security . | . . . Peak Influence 186 | . 186 60 Initial 60 | . . 60 Average 50 | . 78 55 Influence Increases 310 | . 310 . Destroy 0b10 Robot/C 180 | . 180 . Destroy 0b10 Robot/NC 10 | . 10 . Destroy Leader 42 | . 42 . Successful Hack 4 | . 4 . Disable Machine 45 | . 45 . Destroy Structure 14 | . 14 . Lose Combat Pursuer 15 | . 15 . Influence Decreases 260 | . 154 106 Entered New Map 96 | . . 96 Time Decay 114 | . 104 10 Lost Part 50 | . 50 . Squads Dispatched 2 | . 2 . Investigation 1 | . 1 . Extermination . | . . . Reinforcement 1 | . 1 . Assault . | . . . Garrison . | . . . Intercept . | . . . Searches Triggered . | . . . Construction Impeded . | . . . Haulers Reinforced . | . . . Active Scanning Responses . | . . . Cargo Convoy Interrupts . | . . . Stealth | -11 -10 -10 --------- Run | Yrd Mat Min Distress Signals . | . . . Communications Jammed . | . . . Distress Signals . | . . . Times Spotted 14 | . 12 2 Peak Tracking Total 5 | . 5 2 Tactical Retreats 1 | . 1 . Traps | -11 -10 -10 ------- Run | Yrd Mat Min Traps Triggered . | . . . Indirectly . | . . . Trap Hack Attempts . | . . . Triggered . | . . . Disarmed . | . . . Reprogrammed . | . . . Reused . | . . . Traps Extracted . | . . . Installed . | . . . Triggered . | . . . Machines | -11 -10 -10 ---------- Run | Yrd Mat Min Machines Disabled 3 | . 3 . Max in Single Turn 2 | . 2 . Machines Repaired . | . . . Machines Dismantled . | . . . Machines Sabotaged . | . . . Overloaded Fab Kills . | . . . Hacking | -11 -10 -10 --------- Run | Yrd Mat Min Machines Accessed 2 | . 2 . Terminals 2 | . 2 . Fabricators . | . . . Repair Stations . | . . . Recycling Units . | . . . Scanalyzers . | . . . Garrison Access . | . . . Total Hacks 4 | . 4 . Successful 2 | . 2 . Failed 2 | . 2 . Catastrophic 2 | . 2 . Database Lockouts . | . . . Manual . | . . . Terminals 4 | . 4 . Fabricators . | . . . Repair Stations . | . . . Recycling Units . | . . . Scanalyzers . | . . . Garrison Access . | . . . Terminal Hacks 2 | . 2 . Dispatch Records 1 | . 1 . Registered Components 1 | . 1 . Fabricator Hacks . | . . . Repair Station Hacks . | . . . Recycling Unit Hacks . | . . . Scanalyzer . | . . . Garrison Access Hacks . | . . . Unauthorized Hacks . | . . . Terminals . | . . . Fabricators . | . . . Repair Stations . | . . . Recycling Units . | . . . Scanalyzers . | . . . Garrison Access . | . . . Data Cores Recovered . | . . . Used . | . . . Hacking Detections 2 | . 2 . Full Trace Events 1 | . 1 . Feedback Events . | . . . Feedback Blocked . | . . . Robot Schematics Acquired . | . . . Robots Built . | . . . Authchips . | . . . Time . | . . . Total Robot Build Rating . | . . . Part Schematics Acquired . | . . . Parts Built . | . . . Authchips . | . . . Time . | . . . Total Part Build Rating . | . . . Part Studies Acquired . | . . . Parts Repaired . | . . . Time . | . . . Parts Recycled . | . . . Recycled Matter . | . . . Retrieved Matter . | . . . Retrieved Components . | . . . Parts Scanalyzed . | . . . Part Schematics Acquired . | . . . Parts Damaged . | . . . Bothacking | -11 -10 -10 ------------ Run | Yrd Mat Min Used RIF Installer . | . . . Robots Hacked . | . . . Non-combat . | . . . Combat . | . . . Robot Hacks Applied . | . . . Relay Couplers Released . | . . . Fabnet Peak Effective % . | . . . Robots Rewired . | . . . Allies Hacked . | . . . Hacks Repelled . | . . . Allies | -11 -10 -10 -------- Run | Yrd Mat Min Total Allies . | . . . Largest Group . | . . . Highest-Rated Group . | . . . Highest-Rated Ally . | . . . Total Orders . | . . . Ally Attacks . | . . . Total Damage . | . . . Kills . | . . . Allies Corrupted . | . . . Allies Melted . | . . . Intel | -11 -10 -10 ------- Run | Yrd Mat Min Active Infowar (turns) 67 | . 34 33 T.N.C. 67 | . 34 33 Robot Analysis Total . | . . . Derelict Logs Recovered . | . . . Drone Launches . | . . . Drone Recoveries . | . . . Exploration | -11 -10 -10 ------------- Run | Yrd Mat Min Turns Passed 508 | 167 308 33 Spaces Moved 245 | 101 136 8 Core 14 | 6 8 . Treads 171 | 95 76 . Legs 60 | . 52 8 Wheels . | . . . Hover . | . . . Flight . | . . . Fastest Speed 50 | 50 120 120 Average Speed 148 | 153 146 120 Slowest Speed 200 | 160 200 120 Overloaded Moves . | . . . Propulsion Burnouts . | . . . Robots Hopped . | . . . Potential Cave-ins . | . . . Cave-ins Triggered . | . . . Exploration Rate (%) 14 | 4 27 12 Regions Visited 2 Branch Regions 1 Pre-discovered Areas . | . . . Known Exits Taken . | . . . Unknown Exits Taken 2 | 1 1 . Scrap Searched . | . . . Spaces Dug . | . . . Terrain Destroyed 13 | . 13 . Melee . | . . . Projectile . | . . . AOE 13 | . 13 . Terrain Rammed . | . . . Walls Destroyed . | . . . Machines Disabled . | . . . Actions | -11 -10 -10 --------- Run | Yrd Mat Min Total 330 | 111 194 25 Wait 24 | . 12 12 Move 243 | 100 135 8 Hop . | . . . Pick Up 10 | 4 6 . Fast Attach 8 | 6 2 . Attach 4 | . 3 1 Detach . | . . . Swap . | . . . Drop 1 | 1 . . Fire 40 | . 36 4 Melee . | . . . Ram . | . . . Kick . | . . . Crush . | . . . Escape Stasis . | . . . Rewire . | . . . Trap . | . . . Miscellaneous . | . . . Route ------- -11/Scrapyard -10/Materials -10/Mines History --------- Turn | Location | Event 16 | -11/Scrapyard | Discovered new exit (range 16) 168 | -11/Scrapyard | Entered Materials 295 | -10/Materials | Discovered new exit (range 14) 302 | -10/Materials | Build established: Mutant 343 | -10/Materials | Core integrity fell below 50% 383 | -10/Materials | Core integrity fell below 20% 395 | -10/Materials | Lost 5 parts (1p2n2w) 476 | -10/Materials | Entered Mines 509 | -10/Mines | Destroyed by G-47 Trooper with Particle Gun Last Messages --------------- 00417_ R-06 Scavenger collects Weight Redist. System. 00417_ U-05 Engineer builds a Wall. 00419_ K-01 Serf collects debris. 00421_ R-06 Scavenger collects Lgt. Ion Engine. 00421_ U-05 Engineer builds a Wall. 00421_ G-34 Mercenary destroyed. 00423_ U-05 Engineer lays Concrete. 00428_ Acquired Med. Laser. 00429_ Acquired 44 matter. 00431_ U-05 Engineer lays Concrete. 00442_ Acquired Transport Network Coupler. 00442_ U-05 Engineer lays Concrete. 00446_ Acquired 2 matter. 00449_ U-05 Engineer builds a Wall. 00453_ Acquired 4 matter. 00458_ Acquired 14 matter. 00467_ R-06 Scavenger collects Lgt. Treads. 00471_ R-06 Scavenger collects Med. Laser. LOCATION=UNKNOWN GOAL=ESCAPE Map ----- +----------------------------------------------------+ | ????????????????????????????????????????????? | | ????????????????????????????????????????????? | | ????????????????????????????????????????????? | | ????????????????????????????????????????????? | | ????????????????????????????????????????????? | | ????????????????????????????????????????????? | | ????????????????????????????????????????????? | | ????????????????????????????????????????????? | | ????????????????????????????????????????????? | | ????????????????????????????????????????????? | | ????????????????????????????????????????????? | | ????????????????????????????????????????????? | | ????????????????????????????????????????????? | | ????????????????????????????????????????????? | | ????????????????????????????????????????????? | | ????????????????????????????????????????????? | | ????????????????????????????????????????????? | | ????????????????????????????????????????????? | | ????????????????????????????????????????????? | | ????????????????????????????????????????????? | | ????????????????????????????????????????????? | | ????????????????????????????????????????????? | | ????????????????????????????????????????????? | | ????????????????????????????????????????????? | | ??????????????????###### #??????????????????? | | ??????????????????# @ #??????????????????? | | ??????????????????#g######??????????????????? | | ??????????????????# #???????????????????????? | | ?????????########## ##########??????????????? | | ?????????# #??????????????? | | ?????????# """ """ #??????????????? | | ?????????# """ """ ????????????????? | | ?????????# """ """ #??????????????? | | ?????????# #??????????????? | | ?????????# """ """ #??????????????? | | ?????????# """ """ #??????????????? | | ???????? """ """ #??????????????? | | ?????????? ?????????????????? | | ?????????# """ """ """ """ ????????????????? | | ?????????# """ """ """ """ ???????????????? | | ?????????# """ """ """ """ ???????????????? | | ??????????? ??????????????????? | | ??????????? ??? ??? ??????????????????? | | ???????????##????###????##??????????????????? | | ????????????????????????????????????????????? | | ????????????????????????????????????????????? | | ????????????????????????????????????????????? | | ????????????????????????????????????????????? | | ????????????????????????????????????????????? | | ????????????????????????????????????????????? | +----------------------------------------------------+ Best States ------------- Heat Dissipation 25 Energy Generation 10 Energy Capacity 125 Matter Stores 300 Matter Capacity 300 Sight Range 16 Terrain Scan Density 10 Evasion (%) 55 Recoil Reduction 2 Item Schematics ----------------- None Robot Schematics ------------------ None Fabricated ------------ Nothing Repaired ---------- Nothing Studied --------- None Alien Tech Used ----------------- None Achievements -------------- None Challenges ------------ None Game ------ Seed AutogunFissionExtractor Manual? 0 Play Time 00:05:15 Cumulative 14.9 hours Start 2026.02.16 @ 21:39:44 End 2026.02.16 @ 21:45:01 Sessions 1 Manual Loads 0 Difficulty Rogue Special Mode None Game No. 16 Rogue 16 Adventurer 0 Explorer 0 Win Type - Total 0 Types 0/0/0/0/0/0/0/0/0/0 Lore% 11 Gallery% 20 Achievement% 17 Wizard Run 0 Options --------- Layout 0 ASCII 0 Keyboard 0 Movement Arrows Keybinds 0 Fullscreen 1 Font 18/SmallcapsGlow Map View 76x50 Zoom Use 0% Tactical HUD 1 Map Filters NONE Filters NONE Steam 1 RUN: 28feaaf0-a37c-4e11-9537-6647a5d20751